 Dungeon Crawl Stone Soup version 0.30-b1-2-g02819fbbbe (webtiles) character file.

Game seed: 9853424395539375393

1913 MajorAdolf the Conjurer (level 9, -3/73 HPs)
             Began as a Naga Wanderer on Jan 7, 2024.
             Was an Initiate of Gozag.
             Slain by a swamp worm (19 damage)
             ... on level 7 of the Dungeon.
             The game lasted 00:12:58 (8782 turns).

MajorAdolf the Conjurer (Naga Wanderer)             Turns: 8782, Time: 00:12:58

Health: -3/73      AC:  5    Str: 17    XL:     9   Next: 16%
Magic:  15/17      EV:  7    Int: 16    God:    Gozag
Gold:   578        SH:  7    Dex:  9    Spells: 13/19 levels left

rFire   . . .        a - +1 whip (venom)
rCold   . . .        E - +0 kite shield
rNeg    . . .        o - +0 robe
rPois   +            (no helmet)
rElec   .            t - +0 cloak
rCorr   .            (no gloves)
SInv    +            (no barding)
Will    +....        (no amulet)
Stlth   +++          (no ring)
HPRegen 0.32/turn    (no ring)
MPRegen 0.15/turn

%: no passive effects
@: about to teleport, marked, very slow
A: AC +3, large, see invisible, deformed body, poison resistance, slowness 2,
spit poison 1, naga tail 1
a: Spit Poison, Renounce Religion, Potion Petition, Call Merchant, Bribe Branch


You were on level 7 of the Dungeon.
You worshipped Gozag.
Gozag was pleased with you.
You visited 1 branch of the dungeon, and saw 7 of its levels.

You collected 647 gold pieces.
You paid 69 gold pieces to Gozag.

Inventory:

Hand Weapons
 a - a +1 whip of venom (weapon)
 h - a +1 dagger of flaming
 n - a +3 scythe of freezing
 q - a +3 dagger of draining
 u - a +0 short sword of venom
Armour
 j - an orb of mayhem
 o - a +0 robe (worn)
 t - a +0 cloak (worn)
 E - a +0 kite shield (worn)
Wands
 l - a wand of flame (25)
 B - a wand of mindburst (23)
 C - a wand of acid (12)
Scrolls
 d - 2 scrolls of fog
 g - 4 scrolls of identify {unknown}
 r - 2 scrolls of blinking {unknown}
 w - a scroll of enchant armour {unknown}
 x - 2 scrolls of amnesia {unknown}
 y - a scroll of magic mapping {unknown}
 A - a scroll of immolation {unknown}
 D - a scroll of enchant weapon {unknown}
Potions
 c - 3 potions of heal wounds {unknown}
 e - a potion of lignification
 f - 4 potions of brilliance {unknown}
 i - 2 potions of flight {unknown}
 k - 4 potions of curing {unknown}
 m - 2 potions of mutation {unknown}
 p - a potion of might {unknown}
 s - a potion of haste {unknown}
 v - a potion of attraction {unknown}
 z - 2 potions of degeneration {unknown}


   Skills:
 - Level 2.0 Fighting
 - Level 1.0 Throwing
 - Level 1.0 Armour
 - Level 1.0 Dodging
 - Level 5.0 Stealth
 + Level 1.7 Shields
 + Level 5.7 Spellcasting
 + Level 7.0 Conjurations
 - Level 1.0 Transmutations
 + Level 6.0 Earth Magic
 + Level 0.5 Evocations


You had 13 spell levels left.
You knew the following spells:

 Your Spells              Type           Power      Damage    Failure   Level
a - Magic Dart            Conj           100%       1d8       2%          1
b - Stone Arrow           Conj/Erth      50%        3d10      9%          3
c - Passwall              Tmut/Erth      12%        N/A       16%         2

Your spell library contained the following spells:

 Spells                   Type           Power      Damage    Failure   Level
 Sandblast                Erth           48%        2d12      3%          1
 Sting                    Tmut/Pois      24%        1d4       34%         1
 Wereblood                Tmut           7%         N/A       38%         2
 Lesser Beckoning         Tloc           8%         N/A       54%         2
 Poisonous Vapours        Pois/Air       8%         N/A       54%         2
 Sticky Flame             Conj/Fire      15%        2d4       69%         4
 Ignite Poison            Fire/Tmut/Pois 5%         N/A       73%         3
 Gell's Gravitas          Tloc           4%         N/A       77%         3
 Teleport Other           Tloc           4%         N/A       77%         3
 Olgreb's Toxic Radiance  Pois           4%         N/A       99%         4
 Ignition                 Fire           2%         3d3       100%        8


Dungeon Overview and Level Annotations

Branches:
Dungeon (7/15)             Temple (0/1) D:4

Altars:
Cheibriados
Dithmenos
Gozag
The Shining One

Shops:
D:5 *

Annotations:
D:1 exclusion: downstairs


Innate Abilities, Weirdness & Mutations

Your serpentine skin is tough. (AC +3)
You have supernaturally acute eyesight. (SInv)
Armour fits poorly on your strangely shaped body.
Your system is resistant to poisons. (rPois)
You cover ground very slowly.
You can spit poison.
You have a snake-like lower body.


Message History

The water moccasin is distracted by your dazzling golden aura.
The orc wizard hits you from afar with a +0 spear.
You block the orc's attack. The orc attacks as you move away!
The orc hits you with a +0 whip.
Your surroundings suddenly seem different.
A kobold brigand comes into view.
It is wielding a +0 dagger and quivering poisoned darts.
Found 6 boomerangs.
Found a stone staircase leading down.
The kobold brigand throws a poisoned dart.
You block the poisoned dart.
A kobold comes into view. It is wielding a +0 dagger.
The kobold brigand hits you with a +0 dagger.
The kobold hits you but does no damage.
A kobold comes into view. It is wielding a +0 dagger.
You hit the kobold brigand.
The kobold brigand is poisoned.
The kobold brigand is lightly wounded.
The kobold brigand is distracted by your dazzling golden aura.
The kobold hits you but does no damage.
The kobold brigand shouts!
You barely miss the kobold brigand.
The kobold brigand is no longer distracted by gold.
The kobold brigand is lightly wounded.
The kobold brigand hits you with a +0 dagger.
The kobold hits you with a +0 dagger.
A kobold comes into view. It is wielding a +0 club.
You block the kobold's attack.
The kobold brigand throws a poisoned dart.
The poisoned dart closely misses you. The kobold hits you but does no damage.
A swamp worm and a kobold come into view.
A kobold brigand comes into view.
It is wielding a +0 club and quivering poisoned darts.
The swamp worm fires a harpoon shot at you.
The harpoon shot hits you!
* * * LOW HITPOINT WARNING * * *
You are yanked forward by the harpoon shot.
An orc wizard, an orc, an orc priest and 2 kobolds come into view.
An iguana comes into view.
The kobold moves out of view.
As you read the scroll of teleportation, it crumbles to dust.
You feel strangely unstable. The swamp worm bites you!!
You die...
Your body crumbles into a pile of gold.

#.### ## ...##
.#### #(.#
..oS## #.###
###o.## #.K.##
##w.# #...##KK#.
##.####
###.##K...#
#....#
##...o......#
####.#
#@K..>.......
#.#
#Kw######....#
###o#### #.##
#.#..
#......###o#####
.###
#......$$c.$....
#
#......##oK#..o.
#########.#... .
#l# .... .# ...


You could see a swamp worm, a kobold brigand, a centaur, an iguana, an orc
priest, an orc wizard, an orc and 4 kobolds.

Vanquished Creatures
  Sigmund (D:2)
  A water moccasin (D:7)
  An ice beast (D:6)
  A sky beast (D:6)
  A black bear (D:4)
  2 ogres
  A phantom (D:5)
  A kobold brigand (D:7)
  Blork the orc (D:5)
  A bullfrog (D:7)
  3 scorpions
  2 howler monkeys
  4 hounds
  3 jellies
  An orc priest (D:5)
  An iron imp (D:5)
  2 iguanas (D:5)
  3 orc wizards
  10 adders
  7 gnolls
  3 shadow imps (D:6)
  2 worms
  2 dart slugs (D:4)
  16 orcs
  4 bats
  6 endoplasms
  6 giant cockroaches
  8 goblins
  9 hobgoblins
  11 kobolds
  2 quokkas (D:1)
  5 ball pythons
  2 frilled lizards
  5 rats
128 creatures vanquished.

Vanquished Creatures (others)
  7 plants
7 creatures vanquished.

Grand Total: 135 creatures vanquished

Notes
Turn   | Place    | Note
-------+----------+-------------------------------------------
     0 | D:1      | MajorAdolf the Naga Wanderer began the quest for the Orb.
     0 | D:1      | MajorAdolf set off with the following items: a +0 club, a
                  | scroll of teleportation, a +0 leather armour, a scroll of
                  | fog; and the following spell memorised: Magic Dart; and the
                  | following spells available to memorise: Wereblood,
                  | Passwall, Stone Arrow, Sticky Flame.
     0 | D:1      | Reached XP level 1. HP: 19/19 MP: 2/2
   171 | D:1      | Reached skill level 1 in Stealth
   212 | D:1      | Reached XP level 2. HP: 26/26 MP: 3/3
  1041 | D:1      | Reached skill level 1 in Earth Magic
  1041 | D:1      | Reached XP level 3. HP: 32/32 MP: 1/5
  1045 | D:1      | Learned a level 3 spell: Stone Arrow
  1365 | D:2      | Noticed Sigmund
  1553 | D:2      | Found a shadowy altar of Dithmenos.
  1593 | D:2      | Killed Sigmund
  1594 | D:2      | Reached skill level 4 in Conjurations
  1594 | D:2      | Reached XP level 4. HP: 11/39 MP: 0/7
  1594 | D:2      | Reached XP level 5. HP: 13/45 MP: 0/8
  1898 | D:2      | Learned a level 2 spell: Passwall
  2329 | D:3      | Reached XP level 6. HP: 52/52 MP: 2/9
  3928 | D:4      | Found an opulent altar of Gozag.
  3936 | D:4      | Became a worshipper of Gozag Ym Sagoz the Greedy
  3954 | D:4      | Reached skill level 5 in Stealth
  4083 | D:4      | Found a staircase to the Ecumenical Temple.
  4177 | D:4      | Reached XP level 7. HP: 51/60 MP: 0/11
  5194 | D:5      | Entered Level 5 of the Dungeon
  5255 | D:5      | Reached skill level 5 in Conjurations
  5917 | D:5      | Noticed Blork the orc
  5969 | D:5      | Killed Blork the orc
  5970 | D:5      | Reached XP level 8. HP: 63/67 MP: 7/14
  6028 | D:5      | Found Sefe's Superlative Supplies.
  6550 | D:5      | Found a snail-covered altar of Cheibriados.
  6902 | D:6      | Reached skill level 6 in Conjurations
  6902 | D:6      | Reached skill level 5 in Earth Magic
  7121 | D:6      | Reached skill level 5 in Spellcasting
  7360 | D:6      | Found a glowing golden altar of the Shining One.
  8286 | D:7      | Reached skill level 1 in Shields
  8286 | D:7      | Reached XP level 9. HP: 73/73 MP: 5/17
  8774 | D:7      | Reached skill level 7 in Conjurations
  8782 | D:7      | Slain by a swamp worm

Illustrated notes

Levels and vault maps discovered:
D:1:      dpeg_arrival_more_subterranean_lakeside_camping, layout_basic
D:2:      layout_rooms, basic_altar, uniq_sigmund
D:3:      layout_loops_ring
D:4:      layout_basic, mainiacjoe_overflow_surrounded_room,
          minmay_temple_entry_nine_rooms, serial_forest,
          infiniplex_forest_lined_2, infiniplex_forest_clump_double,
          infiniplex_forest_lined_3_way, infiniplex_forest_end_2,
          infiniplex_forest_end_3
D:5:      layout_loops_ring, slow_altar_2, nicolae_alphabet_shops,
          uniq_blork_the_orc
D:6:      layout_loops_ring, tso_metal_star
D:7:      layout_rooms, nicolae_ru_path_of_blood, hangedman_decor_growths,
          worms_lemuel

Skill      XL: |  1  2  3  4  5  6  7  8  9 |
---------------+----------------------------+-----
Stealth        | 1 4 5 |  5.0
Earth Magic    | 1 2 3 4 5 6 |  6.0
Spellcasting   | 2 3 4 5 |  5.7
Conjurations   | 4 5 6 7 |  7.0
Shields        | 1 |  1.7
Fighting       | |  2.0
Throwing       | |  1.0
Armour         | |  1.0
Dodging        | |  1.0
Transmutations | |  1.0
Evocations     | |  0.5

Action                     |  1- 3 |  4- 6 |  7- 9 || total
---------------------------+-------+-------+-------++-------
  Melee: Club              |     2 |       |       ||     2
         Whip              |     8 |    22 |    75 ||   105
         Dagger            |     1 |       |       ||     1
         Punch             |     1 |       |       ||     1
         Halberd           |       |       |     1 ||     1
   Cast: Magic Dart        |    33 |    96 |    77 ||   206
         Stone Arrow       |     1 |    14 |    56 ||    71
Ability: Spit Poison       |    20 |    11 |     7 ||    38
  Evoke: Wand              |       |       |     3 ||     3
    Use: Potion            |     1 |       |       ||     1
         Scroll            |       |       |     2 ||     2
 Armour: Leather armour    |    10 |       |       ||    10
         Skin              |     1 |       |       ||     1
         Robe              |       |     3 |    33 ||    36
  Dodge: Dodged            |    15 |    12 |    47 ||    74
  Block: Kite shield       |       |       |    27 ||    27
